 Dungeon Crawl Stone Soup version 0.30-a0-347-gf58ed5266c (webtiles) character file.

Game seed: 14806791011304182896

91 HoaS the Shooter (level 4, -5/39 HPs)
             Began as a Kobold Hunter on Nov 5, 2022.
             Slain by a two-headed ogre
             ... wielding a +0 giant club
              (11 damage)
             ... on level 4 of the Dungeon.
             The game lasted 00:04:38 (2693 turns).

HoaS the Shooter (Kobold Hunter)                    Turns: 2693, Time: 00:04:39

Health: -5/39      AC: 26    Str:  8    XL:     4   Next: 88%
Magic:  4/4        EV:  3    Int: 10    God:
Gold:   144        SH:  0    Dex: 20    Spells: 3/3 levels left

rFire   . . .      SeeInvis .    a - +0 shortbow
rCold   . . .      Faith    .    (shield currently unavailable)
rNeg    . . .      Spirit   .    (body armour currently unavailable)
rPois   +          Reflect  .    (helmet currently unavailable)
rElec   .          Harm     .    (cloak currently unavailable)
rCorr   .          Rampage  .    (gloves currently unavailable)
Will    .....      NoTele   +    (boots currently unavailable)
Stlth   +++.......               (no amulet)
HPRegen 0.26/turn                h - +4 ring of protection
MPRegen 0.09/turn                (no ring)

@: tree-form
A: stationary, stasis, torment immunity, boosted hp, small, no large weapons,
nightstalker 3
a: no special abilities


You were on level 4 of the Dungeon.
You were a tree.
You visited 1 branch of the dungeon, and saw 4 of its levels.

You collected 144 gold pieces.

Inventory:

Hand Weapons
 a - a +0 shortbow (weapon)
Armour
 c - a +0 leather armour (melded)
 d - a +0 helmet (melded)
 f - a +0 pair of gloves (melded)
Jewellery
 h - a +4 ring of protection (left branch)
Scrolls
 b - 3 scrolls of immolation
Potions
 e - a potion of curing
 i - a potion of mutation


   Skills:
 - Level 2.1 Fighting
 * Level 7.8 Ranged Weapons
 - Level 2.4 Dodging
 - Level 1.3 Stealth


You had 3 spell levels left.
You didn't know any spells.
Your spell library was empty.

Dungeon Overview and Level Annotations

Branches:
Dungeon (4/15)
 Temple: D:4-7

Altars:

Shops:
D:1 ?

Annotations:
D:3 2 transporters


Innate Abilities, Weirdness & Mutations

You are a tree.
Your roots penetrate the ground, keeping you stationary.
You cannot be teleported.
You are immune to unholy pain and torment.
Your maximum health is greatly increased.
Your equipment is partially melded.
You are small and have problems with some larger weapons.
You are completely attuned to the shadows.


Message History

You see here 9 stones.
A two-headed ogre and a hobgoblin come into view.
The two-headed ogre moves out of view.
You shoot an arrow. The arrow hits the hobgoblin!
You kill the hobgoblin!
You hear two shouts!
No target in view!
Really quaff the potion of lignification?
You turn into a tree.
Your +0 helmet melds into your body.
Your +0 pair of gloves melds into your body.
Your +0 leather armour melds into your body.
Your roots penetrate the ground.
The two-headed ogre hits you but does no damage.
The two-headed ogre hits you with a +0 great mace.
You shoot an arrow. The arrow hits the two-headed ogre!
The two-headed ogre is lightly wounded.
You shoot an arrow.
The arrow hits the two-headed ogre but does no damage.
The two-headed ogre is lightly wounded.
The two-headed ogre hits you but does no damage. x2
You shoot an arrow. The arrow hits the two-headed ogre!
The two-headed ogre is moderately wounded.
The two-headed ogre hits you with a +0 giant club.
The two-headed ogre hits you with a +0 great mace.
You shoot an arrow. The arrow hits the two-headed ogre.
The two-headed ogre is moderately wounded.
The two-headed ogre hits you with a +0 giant club.
The two-headed ogre hits you with a +0 great mace!
You shoot an arrow. The arrow hits the two-headed ogre!
The two-headed ogre is heavily wounded.
You shoot an arrow. The arrow hits the two-headed ogre.
The two-headed ogre is severely wounded.
The two-headed ogre barely misses you.
The two-headed ogre hits you with a +0 great mace!
* * * LOW HITPOINT WARNING * * *
You shoot an arrow. The arrow hits the two-headed ogre!
The two-headed ogre is almost dead.
The two-headed ogre hits you but does no damage.
The two-headed ogre hits you with a +0 great mace!
You die...

## .♣.. #..♣♣....
#..♣....# ##.####
#....O.#
##......... #.♣#
#.....# #.# ##.#
###...## #.# #.#
...(...###.#####.#
####.............#
#..####.#######
#..####.#
#.......##
#.###.......


You could see a two-headed ogre.

Vanquished Creatures
  4 adders
  A dart slug (D:1)
  4 ball pythons (D:1)
  9 endoplasms
  A giant cockroach (D:3)
  6 goblins
  7 hobgoblins
  4 jackals (D:3)
  2 quokkas (D:1)
  2 bats
  3 frilled lizards
  A kobold (D:3)
  5 rats
49 creatures vanquished.

Notes
Turn   | Place    | Note
-------+----------+-------------------------------------------
     0 | D:1      | HoaS the Kobold Hunter began the quest for the Orb.
     0 | D:1      | Reached XP level 1. HP: 12/12 MP: 1/1
   165 | D:1      | Found Tiocs's Magic Scroll Boutique.
   172 | D:1      | Reached XP level 2. HP: 17/17 MP: 2/2
   184 | D:1      | Reached skill level 6 in Ranged Weapons
   341 | D:1      | Reached XP level 3. HP: 12/21 MP: 3/3
  1306 | D:2      | Reached skill level 7 in Ranged Weapons
  1306 | D:2      | Reached XP level 4. HP: 26/26 MP: 4/4
  2334 | D:3      | Found a transporter.
  2362 | D:3      | Found a transporter.
  2384 | D:3      | Found a faded altar of an unknown god.
  2683 | D:4      | Noticed a two-headed ogre
  2693 | D:4      | Slain by a two-headed ogre

Illustrated notes

Levels and vault maps discovered:
D:1:      minmay_arrival_loop, layout_basic, serial_shops, shop,
          chequers_serial_rivers_micro_d, minmay_misc_feat_square,
          minmay_liquid_box
D:2:      layout_basic, minmay_door_square, minmay_heptomino_l4
D:3:      gammafunk_wand_slinger, layout_loops_ring,
          shapermc_ecumenical_altar_pompeii, kennysheep_generic_room_4
D:4:      layout_loops_corners, nrook_mini_vaults, serial_park_tiny_2,
          nicolae_grassy_gnolls

Skill      XL: |  1  2  3 |
---------------+----------+-----
Ranged Weapons | 6 7 |  7.8
Fighting       | |  2.1
Dodging        | |  2.4
Stealth        | |  1.3

Action                   |  1- 3 |  4- 6 || total
-------------------------+-------+-------++-------
 Fire: Shortbow          |    71 |    54 ||   125
  Use: Scroll            |     1 |     5 ||     6
       Potion            |       |     1 ||     1
Armor: Leather armour    |     3 |     5 ||     8
       Skin              |       |     4 ||     4
Dodge: Dodged            |    30 |    11 ||    41

Table legend: (Time is in decaauts)
 A = Elapsed time spent in this place.
 B = Non-inter-level travel time spent in this place.
 C = Inter-level travel time spent in this place.
 D = Time resting spent in this place.
 E = Time spent auto-exploring this place.
 F = Levels seen in this place.
 G = Mean time per level.
                   A        B        C        D        E       F      G
               +--------+--------+--------+--------+--------+-----+--------+
         Total |   2717 |   2569 |    148 |     62 |   2235 |   4 |  679.2 |
       Dungeon |   2717 |   2569 |    148 |     62 |   2235 |   4 |  679.2 |
               +--------+--------+--------+--------+--------+-----+--------+

Top non-repeatable levels by time:
     D:1: 956 daAuts
     D:2: 858 daAuts
     D:3: 832 daAuts
     D:4: 70 daAuts
